[ AOE2 MATCH · #477657630 ]
Team RMGurjaras vs Slavs
[ REPLAY ANALYSIS · EXTRACTED FROM THE RECORDED GAME ]
Feudal
11:04
Castle
26:31
Imperial
40:40
| APM avg | 25.4 |
| APM peak | 108 |
| eAPM avg | 10.7 |
| Villagers / military | 55 / 232 |
Focus
⚔️ 59.3% · 🌾 40.7%
Chakram Thrower ×149 · Camel Scout ×62 · Scout Cavalry ×17 · Trebuchet (Packed) ×3 · Monk ×1 · Trade Cart ×1
Feudal
—
Castle
—
Imperial
—
| APM avg | 10.8 |
| APM peak | 44 |
| eAPM avg | 9.0 |
| Villagers / military | 119 / 549 |
Focus
⚔️ 45.6% · 🌾 54.4%
Spearman ×212 · Archer ×96 · Skirmisher ×60 · Militia ×45 · Knight ×37 · Kipchak ×29
Feudal
13:44
Castle
22:20
Imperial
41:20
| APM avg | 15.4 |
| APM peak | 60 |
| eAPM avg | 9.7 |
| Villagers / military | 113 / 498 |
Focus
⚔️ 39.1% · 🌾 60.9%
Janissary ×162 · Archer ×159 · Scout Cavalry ×78 · Knight ×34 · Skirmisher ×26 · Bombard Cannon ×24
Feudal
12:23
Castle
22:43
Imperial
37:51
| APM avg | 25.1 |
| APM peak | 99 |
| eAPM avg | 21.7 |
| Villagers / military | 165 / 848 |
Focus
⚔️ 55.2% · 🌾 44.8%
Spearman ×741 · Mangonel ×103 · Trade Cart ×26 · Trebuchet (Packed) ×4
Match map
Resources at game start + every placement click. Thick line = wall · dashed box = detected house wall. 🟡 gold · ⚪ stone · 🟢 berries · 🔶 boar · ⭕ relic
Inputs per minute
— DANTEASKILL(⌐ ͡ ̯ʖ ͡︻ - - Davidmexicano89
Build order — DANTEASKILL(⌐ ͡ ̯ʖ ͡︻
First 150 of 373 actions detected
| 0:05 | Build | Mill |
| 0:09 | Create | Villager (Male) |
| 0:09 | Create | Villager (Male) |
| 0:09 | Create | Villager (Male) |
| 0:10 | Create | Villager (Male) |
| 0:10 | Create | Villager (Male) |
| 0:10 | Create | Villager (Male) |
| 0:19 | Build | House |
| 1:41 | Create | Villager (Male) |
| 2:20 | Create | Villager (Male) |
| 3:34 | Build | Mining Camp |
| 3:46 | Create | Villager (Male) |
| 4:31 | Create | Villager (Male) |
| 4:47 | Create | Villager (Male) |
| 4:56 | Build | House |
| 6:02 | Create | Villager (Male) |
| 7:05 | Build | Lumber Camp |
| 8:48 | Build | Mill |
| 8:54 | Research | Feudal Age |
| 9:17 | Create | Villager (Male) |
| 9:19 | Create | Villager (Male) |
| 9:20 | Create | Villager (Male) |
| 9:22 | Create | Villager (Male) |
| 11:04 | Age | Feudal Age |
| 11:10 | Build | Barracks |
| 11:33 | Research | Horse Collar |
| 11:40 | Research | Wheelbarrow |
| 11:42 | Create | Villager (Male) |
| 12:01 | Build | House |
| 13:36 | Build | Stable |
| 13:48 | Create | Villager (Male) |
| 14:57 | Research | Gold Mining |
| 15:05 | Build | Farm |
| 15:51 | Create | Camel Scout |
| 15:52 | Create | Camel Scout |
| 15:55 | Create | Camel Scout |
| 16:23 | Build | House |
| 16:27 | Build | House |
| 17:12 | Build | Blacksmith |
| 18:08 | Create | Villager (Male) |
| 18:08 | Create | Villager (Male) |
| 18:09 | Create | Villager (Male) |
| 18:09 | Create | Villager (Male) |
| 18:10 | Create | Villager (Male) |
| 18:27 | Build | Mining Camp |
| 18:35 | Build | Mill |
| 19:07 | Build | Farm |
| 19:25 | Research | Forging |
| 19:34 | Research | Scale Mail Armor |
| 20:26 | Build | Market |
| 23:51 | Research | Castle Age |
| 24:04 | Research | Scale Barding Armor |
| 24:07 | Create | Villager (Male) |
| 24:08 | Create | Villager (Male) |
| 24:08 | Create | Villager (Male) |
| 24:29 | Build | Farm |
| 24:33 | Build | Farm |
| 24:36 | Build | Farm |
| 24:50 | Build | Farm |
| 24:52 | Build | Farm |
| 24:55 | Build | Farm |
| 24:59 | Create | Villager (Male) |
| 25:29 | Create | Villager (Male) |
| 25:42 | Build | Farm |
| 25:50 | Build | Farm |
| 26:01 | Create | Villager (Male) |
| 26:07 | Research | Double-Bit Axe |
| 26:31 | Age | Castle Age |
| 26:35 | Build | Castle |
| 27:52 | Build | Monastery |
| 28:27 | Research | Kshatriyas |
| 28:42 | Build | Farm |
| 28:51 | Build | Farm |
| 29:02 | Create | Monk |
| 29:17 | Create | Trade Cart |
| 29:33 | Create | Chakram Thrower |
| 29:33 | Create | Chakram Thrower |
| 29:33 | Create | Chakram Thrower |
| 29:33 | Create | Chakram Thrower |
| 29:34 | Create | Chakram Thrower |
| 29:34 | Create | Chakram Thrower |
| 29:34 | Create | Chakram Thrower |
| 29:35 | Create | Chakram Thrower |
| 29:35 | Create | Chakram Thrower |
| 29:56 | Build | Farm |
| 30:02 | Build | Farm |
| 30:13 | Create | Chakram Thrower |
| 30:14 | Create | Chakram Thrower |
| 30:14 | Create | Chakram Thrower |
| 30:14 | Create | Chakram Thrower |
| 30:14 | Create | Chakram Thrower |
| 30:15 | Create | Chakram Thrower |
| 30:15 | Create | Chakram Thrower |
| 30:19 | Create | Chakram Thrower |
| 30:53 | Create | Villager (Male) |
| 31:03 | Create | Chakram Thrower |
| 31:32 | Create | Chakram Thrower |
| 31:33 | Create | Chakram Thrower |
| 31:33 | Create | Chakram Thrower |
| 31:33 | Create | Chakram Thrower |
| 31:56 | Research | Chain Mail Armor |
| 31:59 | Create | Chakram Thrower |
| 32:05 | Create | Camel Scout |
| 32:16 | Build | Farm |
| 33:11 | Research | Iron Casting |
| 33:19 | Research | Arson |
| 35:50 | Create | Camel Scout |
| 35:55 | Build | House |
| 35:56 | Build | House |
| 35:58 | Build | House |
| 36:00 | Build | House |
| 36:01 | Build | House |
| 36:02 | Build | House |
| 36:03 | Build | House |
| 37:30 | Research | Imperial Age |
| 37:34 | Create | Camel Scout |
| 37:35 | Create | Camel Scout |
| 37:35 | Create | Camel Scout |
| 37:35 | Create | Camel Scout |
| 37:35 | Create | Camel Scout |
| 37:52 | Create | Chakram Thrower |
| 37:52 | Create | Chakram Thrower |
| 37:53 | Create | Chakram Thrower |
| 37:53 | Create | Chakram Thrower |
| 40:40 | Age | Imperial Age |
| 40:56 | Research | Elite Chakram Thrower (upgrade) |
| 41:01 | Create | Villager (Male) |
| 41:02 | Research | Hand Cart |
| 41:04 | Create | Villager (Male) |
| 41:04 | Create | Villager (Male) |
| 41:04 | Create | Villager (Male) |
| 41:05 | Create | Villager (Male) |
| 41:19 | Build | Farm |
| 42:48 | Create | Villager (Male) |
| 42:48 | Create | Villager (Male) |
| 42:49 | Create | Villager (Male) |
| 43:07 | Research | Plate Mail Armor |
| 43:08 | Research | Chain Barding Armor |
| 44:10 | Create | Trebuchet (Packed) |
| 45:07 | Create | Chakram Thrower |
| 45:07 | Create | Chakram Thrower |
| 45:07 | Create | Chakram Thrower |
| 45:08 | Create | Chakram Thrower |
| 45:08 | Create | Chakram Thrower |
| 45:08 | Create | Chakram Thrower |
| 45:08 | Create | Chakram Thrower |
| 45:26 | Create | Chakram Thrower |
| 45:26 | Create | Chakram Thrower |
| 45:34 | Create | Villager (Male) |
| 45:34 | Create | Villager (Male) |
Build order — Davidmexicano89
First 150 of 384 actions detected
| 0:33 | Create | Villager (Male) |
| 0:36 | Create | Villager (Male) ×3 |
| 1:31 | Build | House |
| 1:33 | Build | House |
| 1:35 | Build | House |
| 1:42 | Build | House |
| 1:44 | Build | House |
| 1:46 | Build | House |
| 2:58 | Create | Villager (Male) ×2 |
| 3:39 | Create | Villager (Male) ×2 |
| 4:18 | Create | Villager (Male) |
| 4:36 | Create | Villager (Male) ×2 |
| 5:10 | Create | Villager (Male) |
| 5:58 | Create | Villager (Male) ×3 |
| 7:07 | Create | Villager (Male) |
| 7:56 | Create | Villager (Male) ×3 |
| 8:25 | Build | Mill |
| 9:08 | Create | Villager (Male) ×4 |
| 11:15 | Build | Palisade Wall |
| 11:22 | Build | Palisade Wall |
| 11:31 | Build | Palisade Wall |
| 11:35 | Build | Palisade Wall |
| 11:57 | Build | Lumber Camp |
| 12:05 | Create | Villager (Male) |
| 12:05 | Create | Villager (Male) |
| 12:17 | Research | Feudal Age |
| 14:39 | Build | Mining Camp |
| 16:05 | Build | Town Center |
| 16:21 | Build | Farm |
| 16:23 | Build | Farm |
| 16:25 | Build | Farm |
| 16:27 | Build | Farm |
| 16:28 | Build | Farm |
| 16:31 | Build | Farm |
| 16:34 | Build | Farm |
| 16:36 | Build | Farm |
| 16:38 | Build | Farm |
| 16:42 | Build | Farm |
| 16:44 | Build | Farm |
| 16:46 | Build | Farm |
| 16:50 | Build | Farm |
| 17:05 | Create | Villager (Male) ×5 |
| 17:43 | Create | Villager (Male) ×5 |
| 17:49 | Research | Wheelbarrow |
| 18:21 | Research | Double-Bit Axe |
| 18:53 | Research | Horse Collar |
| 19:20 | Build | Farm |
| 20:25 | Build | Barracks |
| 20:27 | Build | Barracks |
| 20:34 | Build | Barracks |
| 20:43 | Build | Barracks |
| 21:13 | Build | Market |
| 21:25 | Research | Man-at-Arms (upgrade) |
| 21:26 | Research | Arson |
| 22:47 | Build | Mining Camp |
| 22:55 | Create | Militia ×5 |
| 22:55 | Create | Militia ×4 |
| 22:56 | Create | Spearman ×5 |
| 22:56 | Create | Spearman ×5 |
| 22:57 | Create | Spearman ×5 |
| 22:57 | Create | Spearman ×5 |
| 23:31 | Build | Archery Range |
| 23:35 | Build | Archery Range |
| 23:40 | Build | Archery Range |
| 23:42 | Build | Archery Range |
| 26:11 | Build | Palisade Wall |
| 26:17 | Build | Palisade Wall |
| 26:39 | Create | Skirmisher ×5 |
| 26:39 | Create | Skirmisher ×5 |
| 26:39 | Create | Skirmisher ×3 |
| 26:59 | Build | Farm |
| 27:01 | Build | Farm |
| 27:17 | Create | Villager (Male) ×5 |
| 27:47 | Build | Palisade Wall |
| 27:53 | Build | Palisade Wall |
| 28:02 | Create | Villager (Male) ×5 |
| 28:20 | Build | Market |
| 28:37 | Build | Blacksmith |
| 28:43 | Create | Villager (Male) ×5 |
| 29:03 | Build | Farm |
| 29:09 | Build | Farm |
| 29:15 | Build | Farm |
| 29:34 | Build | Farm |
| 29:52 | Build | Farm |
| 29:54 | Build | Farm |
| 30:04 | Research | Gold Mining |
| 30:04 | Research | Stone Mining |
| 30:34 | Build | Mining Camp |
| 30:55 | Create | Villager (Male) ×5 |
| 31:07 | Build | Farm |
| 31:39 | Build | Farm |
| 31:55 | Build | Farm |
| 31:56 | Build | Farm |
| 31:58 | Build | Farm |
| 32:08 | Create | Trade Cart ×5 |
| 32:09 | Create | Trade Cart ×5 |
| 32:28 | Create | Villager (Male) ×5 |
| 32:45 | Create | Villager (Male) |
| 32:45 | Create | Villager (Male) |
| 33:20 | Build | House |
| 33:21 | Build | House |
| 33:23 | Build | House |
| 33:24 | Build | House |
| 33:26 | Build | House |
| 33:27 | Build | House |
| 33:29 | Build | House |
| 33:30 | Build | House |
| 33:53 | Build | Farm |
| 34:27 | Research | Castle Age |
| 34:33 | Create | Villager (Male) ×2 |
| 34:52 | Research | Fletching |
| 34:52 | Research | Padded Archer Armor |
| 35:08 | Build | Farm |
| 35:11 | Build | Farm |
| 35:12 | Build | Farm |
| 35:14 | Build | Farm |
| 35:17 | Build | Farm |
| 35:20 | Build | Farm |
| 35:22 | Build | Farm |
| 35:23 | Build | Farm |
| 35:27 | Build | Farm |
| 35:34 | Build | Farm |
| 36:16 | Build | Archery Range |
| 36:17 | Build | Archery Range |
| 36:44 | Create | Archer ×5 |
| 36:44 | Create | Archer ×5 |
| 36:45 | Create | Archer ×5 |
| 36:45 | Create | Archer ×2 |
| 37:03 | Create | Spearman ×5 |
| 37:03 | Create | Spearman ×5 |
| 37:03 | Create | Spearman ×5 |
| 37:04 | Create | Spearman ×5 |
| 37:04 | Create | Spearman ×5 |
| 37:04 | Create | Spearman ×4 |
| 37:32 | Research | Hand Cart |
| 37:56 | Build | Siege Workshop |
| 38:01 | Build | Siege Workshop |
| 38:07 | Build | Siege Workshop |
| 38:14 | Research | Crossbowman (upgrade) |
| 39:14 | Build | Town Center |
| 39:51 | Research | Thumb Ring |
| 40:03 | Research | Long Swordsman (upgrade) |
| 40:04 | Research | Pikeman (upgrade) |
| 40:05 | Research | Squires |
| 40:13 | Create | Villager (Male) ×5 |
| 40:20 | Create | Villager (Male) ×5 |
| 40:48 | Build | Castle |
| 41:04 | Create | Villager (Male) ×5 |
| 41:04 | Create | Villager (Male) ×5 |
| 41:04 | Create | Villager (Male) ×2 |
Build order — Snakepit_GNR
First 150 of 410 actions detected
| 0:08 | Build | House |
| 0:11 | Build | House |
| 0:24 | Create | Villager (Male) |
| 0:24 | Create | Villager (Male) |
| 0:25 | Create | Villager (Male) |
| 0:46 | Create | Villager (Male) |
| 2:00 | Create | Villager (Male) |
| 2:00 | Create | Villager (Male) |
| 2:16 | Build | Lumber Camp |
| 2:34 | Create | Villager (Male) |
| 2:35 | Create | Villager (Male) |
| 2:47 | Create | Villager (Male) |
| 3:35 | Create | Villager (Male) |
| 3:36 | Create | Villager (Male) |
| 3:36 | Create | Villager (Male) |
| 4:07 | Build | House |
| 4:08 | Build | House |
| 4:10 | Build | House |
| 4:15 | Create | Villager (Male) |
| 4:15 | Create | Villager (Male) |
| 4:49 | Create | Villager (Male) |
| 4:49 | Create | Villager (Male) |
| 4:50 | Create | Villager (Male) |
| 5:16 | Build | Mill |
| 6:07 | Create | Villager (Male) |
| 6:07 | Create | Villager (Male) |
| 6:08 | Create | Villager (Male) |
| 6:08 | Create | Villager (Male) |
| 7:09 | Create | Villager (Male) |
| 7:09 | Create | Villager (Male) |
| 7:09 | Create | Villager (Male) |
| 7:28 | Build | Lumber Camp |
| 8:04 | Create | Villager (Male) |
| 8:04 | Create | Villager (Male) |
| 8:05 | Create | Villager (Male) |
| 9:29 | Create | Villager (Male) |
| 9:29 | Create | Villager (Male) |
| 9:30 | Create | Villager (Male) |
| 9:30 | Create | Villager (Male) |
| 10:12 | Build | Mining Camp |
| 10:32 | Research | Loom |
| 10:32 | Research | Feudal Age |
| 10:45 | Build | Barracks |
| 12:09 | Build | Farm |
| 12:11 | Build | Farm |
| 12:13 | Build | Farm |
| 12:15 | Build | Farm |
| 12:16 | Build | Farm |
| 12:19 | Build | Farm |
| 12:22 | Build | Farm |
| 12:24 | Build | Farm |
| 12:27 | Build | Farm |
| 12:30 | Build | Farm |
| 12:31 | Build | Farm |
| 13:08 | Build | House |
| 13:10 | Build | House |
| 13:13 | Build | House |
| 13:37 | Create | Villager (Male) |
| 13:37 | Create | Villager (Male) |
| 13:39 | Create | Villager (Male) |
| 13:44 | Age | Feudal Age |
| 13:56 | Build | Blacksmith |
| 14:01 | Build | Archery Range |
| 14:08 | Create | Villager (Male) |
| 14:08 | Create | Villager (Male) |
| 14:18 | Research | Double-Bit Axe |
| 14:40 | Build | House |
| 14:51 | Research | Fletching |
| 14:54 | Create | Villager (Male) |
| 15:18 | Research | Horse Collar |
| 15:25 | Research | Gold Mining |
| 15:29 | Research | Padded Archer Armor |
| 15:54 | Build | Stone Wall |
| 15:59 | Build | Building 490 |
| 16:10 | Create | Villager (Male) |
| 16:11 | Create | Villager (Male) |
| 16:13 | Create | Villager (Male) |
| 16:13 | Create | Villager (Male) |
| 16:26 | Create | Archer |
| 16:27 | Create | Archer |
| 16:50 | Research | Wheelbarrow |
| 16:51 | Research | Town Watch |
| 17:02 | Build | Lumber Camp |
| 17:15 | Build | Mining Camp |
| 17:42 | Create | Spearman |
| 17:42 | Create | Spearman |
| 18:00 | Research | Stone Mining |
| 18:10 | Build | Market |
| 18:18 | Build | House |
| 18:20 | Build | House |
| 18:22 | Build | House |
| 18:24 | Build | House |
| 18:25 | Build | House |
| 18:26 | Build | House |
| 18:51 | Build | Archery Range |
| 18:51 | Build | Archery Range |
| 19:09 | Create | Spearman |
| 19:09 | Create | Spearman |
| 19:40 | Research | Castle Age |
| 20:14 | Create | Archer |
| 20:14 | Create | Archer |
| 20:14 | Create | Archer |
| 20:43 | Build | Archery Range |
| 20:45 | Build | Archery Range |
| 20:51 | Build | Stable |
| 20:52 | Build | Stable |
| 21:25 | Create | Archer ×5 |
| 21:47 | Research | Scale Barding Armor |
| 21:49 | Research | Forging |
| 21:50 | Research | Scale Mail Armor |
| 22:20 | Age | Castle Age |
| 22:45 | Research | Heavy Plow |
| 22:48 | Build | Farm |
| 22:50 | Build | Farm |
| 22:51 | Build | Farm |
| 22:53 | Build | Farm |
| 22:54 | Build | Farm |
| 22:57 | Build | Farm |
| 22:59 | Create | Villager (Male) |
| 22:59 | Create | Villager (Male) |
| 23:00 | Create | Villager (Male) |
| 23:00 | Create | Villager (Male) |
| 23:00 | Create | Villager (Male) |
| 23:01 | Create | Villager (Male) |
| 23:18 | Build | Lumber Camp |
| 23:48 | Research | Crossbowman (upgrade) |
| 23:49 | Research | Crossbowman (upgrade) |
| 23:59 | Build | Archery Range |
| 24:09 | Create | Knight |
| 24:09 | Create | Knight |
| 24:28 | Build | Town Center |
| 24:57 | Build | Farm |
| 25:45 | Research | Bodkin Arrow |
| 25:46 | Research | Leather Archer Armor |
| 25:53 | Build | University |
| 26:40 | Create | Archer ×5 |
| 26:43 | Research | Thumb Ring |
| 26:57 | Create | Villager (Male) |
| 26:57 | Create | Villager (Male) |
| 26:58 | Create | Villager (Male) |
| 26:58 | Create | Villager (Male) |
| 27:13 | Create | Trade Cart |
| 27:13 | Create | Trade Cart |
| 27:13 | Create | Trade Cart |
| 27:15 | Create | Trade Cart |
| 27:15 | Create | Trade Cart |
| 27:31 | Research | Murder Holes |
| 28:29 | Research | Treadmill Crane |
| 28:33 | Create | Villager (Male) ×5 |
| 28:52 | Create | Archer |
Build order — tbogwald
First 150 of 714 actions detected
| 0:02 | Create | Villager (Male) |
| 0:02 | Create | Villager (Male) |
| 0:02 | Create | Villager (Male) |
| 0:04 | Build | House |
| 0:06 | Build | House |
| 0:47 | Create | Villager (Male) |
| 0:47 | Create | Villager (Male) |
| 1:36 | Create | Villager (Male) |
| 1:36 | Create | Villager (Male) |
| 2:05 | Create | Villager (Male) |
| 2:32 | Create | Villager (Male) |
| 2:32 | Create | Villager (Male) |
| 3:00 | Create | Villager (Male) |
| 3:00 | Create | Villager (Male) |
| 3:10 | Create | Villager (Male) |
| 3:41 | Create | Villager (Male) |
| 4:02 | Create | Villager (Male) |
| 4:02 | Create | Villager (Male) |
| 4:28 | Build | House |
| 4:29 | Build | House |
| 4:32 | Create | Villager (Male) |
| 4:42 | Research | Loom |
| 4:43 | Create | Villager (Male) |
| 4:43 | Create | Villager (Male) |
| 5:24 | Create | Villager (Male) |
| 5:24 | Create | Villager (Male) |
| 6:04 | Create | Villager (Male) |
| 6:48 | Create | Villager (Male) |
| 6:48 | Create | Villager (Male) |
| 7:31 | Create | Villager (Male) |
| 7:31 | Create | Villager (Male) |
| 8:42 | Build | Lumber Camp |
| 8:50 | Build | Mill |
| 8:59 | Create | Villager (Male) |
| 9:23 | Create | Villager (Male) |
| 10:13 | Research | Feudal Age |
| 11:06 | Build | Mill |
| 11:16 | Build | Barracks |
| 11:18 | Build | Mining Camp |
| 11:28 | Build | House |
| 11:29 | Build | House |
| 11:31 | Build | House |
| 11:45 | Create | Villager (Male) |
| 11:45 | Create | Villager (Male) |
| 12:23 | Age | Feudal Age |
| 12:28 | Research | Double-Bit Axe |
| 12:55 | Create | Villager (Male) |
| 13:39 | Create | Villager (Male) |
| 13:41 | Create | Villager (Male) |
| 14:14 | Create | Villager (Male) |
| 14:14 | Create | Villager (Male) |
| 14:55 | Build | Mining Camp |
| 14:59 | Create | Villager (Male) |
| 15:02 | Research | Horse Collar |
| 15:51 | Create | Villager (Male) |
| 15:52 | Create | Villager (Male) |
| 16:17 | Create | Villager (Male) |
| 16:37 | Create | Villager (Male) |
| 17:12 | Create | Villager (Male) |
| 17:27 | Build | Blacksmith |
| 17:42 | Create | Villager (Male) |
| 17:42 | Create | Villager (Male) |
| 17:58 | Build | Farm |
| 18:01 | Build | Farm |
| 18:02 | Build | Farm |
| 18:04 | Build | Farm |
| 18:05 | Build | Farm |
| 18:08 | Build | Farm |
| 18:10 | Build | Farm |
| 18:12 | Build | Farm |
| 18:16 | Build | Farm |
| 18:19 | Build | Farm |
| 18:26 | Build | Market |
| 18:31 | Build | Farm |
| 18:32 | Build | Farm |
| 18:35 | Build | Farm |
| 18:37 | Build | Farm |
| 18:39 | Build | Farm |
| 18:41 | Build | Farm |
| 18:48 | Create | Villager (Male) |
| 19:01 | Create | Villager (Male) |
| 19:25 | Create | Villager (Male) |
| 19:46 | Build | Farm |
| 19:51 | Research | Castle Age |
| 20:12 | Build | Farm |
| 21:12 | Research | Man-at-Arms (upgrade) |
| 21:14 | Research | Forging |
| 21:22 | Build | Barracks |
| 21:23 | Build | Barracks |
| 21:27 | Research | Gold Mining |
| 21:28 | Research | Stone Mining |
| 21:32 | Research | Scale Mail Armor |
| 21:33 | Research | Fletching |
| 22:06 | Create | Spearman |
| 22:06 | Create | Spearman |
| 22:07 | Create | Spearman |
| 22:07 | Create | Spearman |
| 22:27 | Create | Villager (Male) |
| 22:27 | Create | Villager (Male) |
| 22:27 | Create | Villager (Male) |
| 22:33 | Create | Spearman |
| 22:34 | Create | Spearman |
| 22:34 | Create | Spearman |
| 22:35 | Create | Spearman |
| 22:43 | Age | Castle Age |
| 22:50 | Research | Squires |
| 23:14 | Research | Bow Saw |
| 23:43 | Research | Iron Casting |
| 23:57 | Build | Barracks |
| 24:01 | Create | Villager (Male) |
| 24:01 | Create | Villager (Male) |
| 24:02 | Create | Villager (Male) |
| 24:28 | Research | Pikeman (upgrade) |
| 24:54 | Create | Spearman |
| 24:54 | Create | Spearman |
| 24:54 | Create | Spearman |
| 24:54 | Create | Spearman |
| 25:00 | Create | Villager (Male) |
| 25:00 | Create | Villager (Male) |
| 25:30 | Create | Villager (Male) |
| 25:31 | Create | Villager (Male) |
| 26:01 | Research | Bodkin Arrow |
| 26:39 | Research | Long Swordsman (upgrade) |
| 26:55 | Build | Farm |
| 26:58 | Build | Farm |
| 27:01 | Build | Farm |
| 27:06 | Create | Villager (Male) |
| 27:06 | Create | Villager (Male) |
| 27:30 | Create | Villager (Male) |
| 27:40 | Research | Heavy Plow |
| 27:57 | Research | Chain Mail Armor |
| 28:11 | Create | Villager (Male) |
| 28:12 | Create | Villager (Male) |
| 28:32 | Build | Town Center |
| 28:38 | Build | Farm |
| 28:40 | Build | Farm |
| 28:41 | Build | Farm |
| 28:42 | Build | Farm |
| 28:43 | Build | Farm |
| 28:45 | Build | Farm |
| 28:50 | Build | Farm |
| 29:05 | Create | Villager (Male) |
| 29:05 | Create | Villager (Male) |
| 29:14 | Research | Gold Shaft Mining |
| 29:49 | Build | House |
| 29:50 | Build | House |
| 29:50 | Build | House |
| 29:51 | Build | House |
| 29:51 | Build | House |
| 29:51 | Build | House |
Match timeline
| 10:45 | Snakepit_GNR · first_building Barracks |
| 11:04 | DANTEASKILL(⌐ ͡ ̯ʖ ͡︻ · age_up feudal |
| 11:10 | DANTEASKILL(⌐ ͡ ̯ʖ ͡︻ · first_building Barracks |
| 11:15 | Davidmexicano89 · wall_segment Palisade Wall x9 |
| 11:16 | tbogwald · first_building Barracks |
| 11:22 | Davidmexicano89 · wall_segment Palisade Wall x15 |
| 11:31 | Davidmexicano89 · wall_segment Palisade Wall x3 |
| 11:35 | Davidmexicano89 · wall_segment Palisade Wall x6 |
| 12:23 | tbogwald · age_up feudal |
| 13:36 | DANTEASKILL(⌐ ͡ ̯ʖ ͡︻ · first_building Stable |
| 13:44 | Snakepit_GNR · age_up feudal |
| 14:01 | Snakepit_GNR · first_building Archery Range |
| 15:54 | Snakepit_GNR · wall_segment Stone Wall x11 |
| 20:25 | Davidmexicano89 · first_building Barracks |
| 20:51 | Snakepit_GNR · first_building Stable |
| 22:20 | Snakepit_GNR · age_up castle |
| 22:43 | tbogwald · age_up castle |
| 23:31 | Davidmexicano89 · first_building Archery Range |
| 26:11 | Davidmexicano89 · wall_segment Palisade Wall x1 |
| 26:17 | Davidmexicano89 · wall_segment Palisade Wall x8 |
| 26:31 | DANTEASKILL(⌐ ͡ ̯ʖ ͡︻ · age_up castle |
| 26:35 | DANTEASKILL(⌐ ͡ ̯ʖ ͡︻ · first_building Castle |
| 27:47 | Davidmexicano89 · wall_segment Palisade Wall x11 |
| 27:52 | DANTEASKILL(⌐ ͡ ̯ʖ ͡︻ · first_building Monastery |
| 27:53 | Davidmexicano89 · wall_segment Palisade Wall x5 |
| 29:04 | Snakepit_GNR · first_building Monastery |
| 32:04 | tbogwald · first_building Castle |
| 32:50 | Snakepit_GNR · first_building Castle |
| 33:49 | tbogwald · wall_segment Stone Wall x9 |
| 34:01 | tbogwald · wall_segment Stone Wall x5 |
| 36:15 | Snakepit_GNR · first_building Siege Workshop |
| 37:51 | tbogwald · age_up imperial |
| 37:56 | Davidmexicano89 · first_building Siege Workshop |
| 38:00 | tbogwald · wall_segment Stone Wall x4 |
| 38:12 | tbogwald · wall_segment Stone Wall x7 |
| 40:40 | DANTEASKILL(⌐ ͡ ̯ʖ ͡︻ · age_up imperial |
| 40:48 | Davidmexicano89 · first_building Castle |
| 41:20 | Snakepit_GNR · age_up imperial |
| 42:12 | Davidmexicano89 · first_building Monastery |
| 43:46 | DANTEASKILL(⌐ ͡ ̯ʖ ͡︻ · first_market_sell 100 stone |
| 43:53 | DANTEASKILL(⌐ ͡ ̯ʖ ͡︻ · first_market_buy 100 wood |
| 44:04 | tbogwald · first_building Siege Workshop |
| 47:17 | tbogwald · first_market_sell 500 food |
| 53:07 | Davidmexicano89 · first_building Stable |
| 59:13 | Davidmexicano89 · first_market_sell 500 wood |
| 75:50 | Snakepit_GNR · resign |
[ AI ANALYSIS · 1 CREDIT ]
What really happened in this match?
Wolo.gg analyzes every decision: build order, eco, micro, common mistakes by bracket. Personalized analysis on WhatsApp or Discord in 30 seconds.
Civ guide
Gurjaras
Map guide
Amazon Tunnel
Perfil
DANTEASKILL(⌐ ͡ ̯ʖ ͡︻